 Dungeon Crawl Stone Soup version 0.30-a0-924-g0ad0bf95bc (webtiles) character file.

Game seed: 3184364896091309554

53 12sPaWn12 the Trooper (level 3, -2/44 HPs)
             Began as an Ogre Berserker on Mar 23, 2023.
             Was a Believer of Trog.
             Slain by a goblin
             ... wielding a +0 dagger
             ... led by Robin
              (4 damage)
             ... on level 2 of the Dungeon.
             The game lasted 00:02:48 (1278 turns).

12sPaWn12 the Trooper (Ogre Berserker)              Turns: 1278, Time: 00:02:49

Health: -2/44      AC:  3    Str: 23    XL:     3   Next: 89%
Magic:  3/3        EV: 10    Int:  8    God:    Trog [**....]
Gold:   94         SH:  0    Dex:  8    Spells: 2/2 levels left

rFire   . . .      SeeInvis .    a - +0 spear
rCold   . . .      Faith    .    (no shield)
rNeg    . . .      Spirit   .    b - +0 animal skin
rPois   +          Reflect  .    (helmet restricted)
rElec   .          Rampage  .    (no cloak)
rCorr   .                        (gloves unavailable)
Will    .....                    (boots unavailable)
Stlth   +                        (no amulet)
HPRegen 0.27/turn                (no ring)
MPRegen 0.08/turn                (no ring)

@: attractive
A: large, unfitting armour, tough skin 1, poison resistance, robust 1, subdued
magic 1
a: Renounce Religion, Berserk, Trog's Hand


You were on level 2 of the Dungeon.
You worshipped Trog.
Trog was pleased with you.
You visited 1 branch of the dungeon, and saw 4 of its levels.

You collected 94 gold pieces.

Inventory:

Hand Weapons
 a - a +0 spear (weapon)
Armour
 b - a +0 animal skin (worn)
Potions
 f - a potion of mutation


   Skills:
 * Level 4.4 Fighting
 * Level 1.0(2.4) Axes
 * Level 3.4(3.6) Polearms
 * Level 0.5(2.2) Staves
 * Level 0.6 Armour
 * Level 3.1 Dodging


You had 2 spell levels left.
You didn't know any spells.
Your spell library was empty.

Dungeon Overview and Level Annotations

Branches:
Dungeon (4/15)
 Temple: D:4-7

Altars:
Ashenzari
Dithmenos
Trog
Vehumet
The Shining One

Annotations:
D:2 Robin
D:3 Sigmund


Innate Abilities, Weirdness & Mutations

You are too large for most types of armour.
You have tough skin. (AC +1)
Your system is resistant to poisons. (rPois)
You are robust. (+10% HP)
Your spells are a little easier to cast, but a little less powerful.


Message History

You feel attractive to monsters. The goblin closely misses you.
The goblin is attracted toward you.
It was a potion of mutation.
You feel extremely strange.
You feel resistant to poisons.
You feel robust.
Your connection to magic feels subdued.
A bat comes into view.
The goblin hits you with a +0 club. The goblin is attracted toward you.
The bat is attracted toward you.
Robin of the Strong Arm comes into view.
They are wielding a +3 club.
The goblin hits you with a +0 club.
A goblin comes into view. It is wielding a +0 dagger.
The goblin is attracted toward you. x2
Robin throws the goblin at you! The goblin hits you with a +0 dagger.
The goblin is attracted toward you. The hobgoblin is attracted toward you.
Robin is attracted toward you. The goblin is attracted toward you.
The hobgoblin is attracted toward you. The bat is attracted toward you.
You barely miss the goblin.
Robin roars a battlecry!
The goblins go into a battle-frenzy!
A goblin comes into view. It is wielding a +0 club.
The goblin closely misses you. The goblin hits you with a +0 dagger.
The goblin is attracted toward you. Robin is attracted toward you.
The goblin is attracted toward you.
Unknown command.
Robin throws the goblin at you!
* * * LOW HITPOINT WARNING * * *
The goblin misses you. The goblin closely misses you.
The goblin is attracted toward you. Robin is attracted toward you.
The hobgoblin is attracted toward you. x2; The goblin is attracted toward you.
The bat is attracted toward you.
You hit the goblin.
The goblin is severely wounded.
The goblin hits you with a +0 club.
* * * LOW HITPOINT WARNING * * *
The goblin hits you with a +0 club.
* * * LOW HITPOINT WARNING * * *
The goblin hits you with a +0 club.
* * * LOW HITPOINT WARNING * * *
The goblin hits you with a +0 dagger.
You die...

.# .# .g.§!
.. ...# #b§§#
.# .<.. #§gg
.###.#.# #gg#
........ #gg#
....# #Sg#
....# #gg#
....# .#
#gg#######
....# ..#
#g@g.....#
.##.#####....
##g#####.#
.............
...
.####.......#
##### .#
#......... .#
#.#####.## .#
#.# .. . #)#
# #.#


You could see Robin, an adder, 2 hobgoblins and 9 goblins.

Vanquished Creatures
  A worm (D:3)
  A dart slug (D:1)
  An endoplasm (D:1)
  4 giant cockroaches
  4 goblins
  6 hobgoblins
  4 jackals (D:1)
  A quokka (D:1)
  3 ball pythons (D:1)
  2 bats (D:1)
  8 frilled lizards (D:1)
  5 kobolds
  6 rats
46 creatures vanquished.

Vanquished Creatures (others)
  4 toadstools (D:1)
4 creatures vanquished.

Grand Total: 50 creatures vanquished

Notes
Turn   | Place    | Note
-------+----------+-------------------------------------------
     0 | D:1      | 12sPaWn12 the Ogre Berserker began the quest for the Orb.
     0 | D:1      | Reached XP level 1. HP: 24/24 MP: 1/1
    30 | D:1      | Reached XP level 2. HP: 21/32 MP: 2/2
   242 | D:1      | Reached ** piety under Trog
   409 | D:1      | Reached XP level 3. HP: 35/40 MP: 3/3
   730 | D:2      | You fall into a shaft and drop 2 floors!
   957 | D:4      | Noticed an ogre
  1009 | D:3      | Reached skill level 1 in Axes
  1040 | D:3      | Found a bloodstained altar of Trog.
  1040 | D:3      | Found a radiant altar of Vehumet.
  1040 | D:3      | Found a shadowy altar of Dithmenos.
  1052 | D:3      | Found a glowing golden altar of the Shining One.
  1055 | D:3      | Found a broken altar of Ashenzari.
  1198 | D:3      | Noticed Sigmund
  1273 | D:2      | Gained mutation: Your system is resistant to poisons.
                  | (rPois) [potion of mutation]
  1273 | D:2      | Gained mutation: You are robust. (+10% HP) [potion of
                  | mutation]
  1273 | D:2      | Gained mutation: Your spells are a little easier to cast,
                  | but a little less powerful. [potion of mutation]
  1274 | D:2      | Noticed Robin
  1278 | D:2      | HP: 2/44 [goblin/+0 club[Robin] (4)]
  1278 | D:2      | Slain by a goblin

Illustrated notes

Levels and vault maps discovered:
D:1:      ldierk_walled_garden_2, layout_basic, minmay_lizard_pond
D:2:      layout_loops_ring, basic_altar, uniq_robin
D:3:      layout_basic, minmay_overflow_temple_star_hex,
          nemelex_diamond_rough_becter, serial_shops, nicolae_shop_waterfront,
          hangedman_feature_mirror, uniq_sigmund
D:4:      minmay_chambers_of_fours, layout_basic, nicolae_figureground_pulse

Skill      XL: |  1  2  3 |
---------------+----------+-----
Dodging        | 3 |  3.1
Axes           | 1 |  1.0
Fighting       | |  4.4
Polearms       | |  3.4
Staves         | |  0.5
Armour         | |  0.6

Action                     || total
---------------------------++-------
  Melee: Spear             ||   211
         Punch             ||     1
    Use: Scroll            ||     3
         Potion            ||     2
 Armour: Animal skin       ||    54
  Dodge: Dodged            ||   102

Table legend: (Time is in decaauts)
 A = Elapsed time spent in this place.
 B = Non-inter-level travel time spent in this place.
 C = Inter-level travel time spent in this place.
 D = Time resting spent in this place.
 E = Time spent auto-exploring this place.
 F = Levels seen in this place.
 G = Mean time per level.
                   A        B        C        D        E       F      G
               +--------+--------+--------+--------+--------+-----+--------+
         Total |   1262 |   1240 |     22 |      0 |    877 |   4 |  315.5 |
       Dungeon |   1262 |   1240 |     22 |      0 |    877 |   4 |  315.5 |
               +--------+--------+--------+--------+--------+-----+--------+

Top non-repeatable levels by time:
     D:1: 705 daAuts
     D:3: 297 daAuts
     D:4: 237 daAuts
     D:2: 22 daAuts
